cohdb
Replays
Latest Replays
All Replays
Popular Replays
Top Player Replays
Match Explorer
How It Works
Community
CoH3 Stats
Reddit
Sign in to upload your games and track your stats! →
Sign in with Steam
Match 38098920
Unlisted
Match 38098920
Overview
Messages
Build Orders
End
Selects Airborne Battlegroup
Selects Pathfinders
Construct Weapon Support Center
Pathfinder Squad
M1919 Machine Gun Team
Pathfinder Squad
Mechanized Support Center
Engineer Squad
Selects Paratrooper Squad Paradrop
Paratrooper Squad Paradrop
Construct Medical Station
Engineer Squad
Paratrooper Squad Paradrop
Selects Anti-tank Gun Team Paradrop
Anti-tank Gun Team Paradrop
Construct Tank Depot
Selects Smoke Bombing Run
Selects Supply Drop
M4(105) Sherman Bulldozer
Engineer Squad
Selects Dual P-47 Rocket Strike
Anti-tank Gun Team Paradrop
Raz el Hanout
ZOCKER748
qZeto
BIOHAZARD
0
0
Comments
sign in to comment!
No comments posted yet!